 Dungeon Crawl Stone Soup version 0.29-a0-397-g846e4a0bbc (webtiles) character file.

Game seed: 5902337085614564014

394 nedac the Grasshopper (level 6, 45/45 HPs)
             Began as a Spriggan Warper on May 12, 2022.
             Was a Priest of Jiyva.
             Quit the game on level 5 of the Dungeon.
             The game lasted 00:38:18 (2980 turns).

nedac the Grasshopper (Spriggan Warper)             Turns: 2980, Time: 00:38:19

Health: 45/45      AC: 23    Str:  7    XL:     6   Next: 51%
Magic:  11/11      EV:  4    Int: 14    God:    Jiyva [***...]
Gold:   148        SH:  0    Dex: 17    Spells: 3/10 levels left

rFire   . . .      SeeInvis +   a - +3 short sword
rCold   . . .      Faith    .   (no shield)
rNeg    . . .      Spirit   .   (body armour currently unavailable)
rPois   +          Reflect  .   (helmet currently unavailable)
rElec   .          Harm     .   (cloak currently unavailable)
rCorr   +          Rampage  .   (gloves unavailable)
Will    ++...      NoTele   +   (boots unavailable)
Stlth   +++.......              s - amulet of regeneration
HPRegen 2.07/turn               e - ring of willpower
MPRegen 0.47/turn               (no ring)

@: tree-form, attractive
A: stationary, stasis, torment immunity, boosted hp, very small, no large
weapons, unfitting armour, see invisible, (speed 3), (pseudopods 3), (engulf)
a: Renounce Religion, Oozemancy


You were on level 5 of the Dungeon.
You worshipped Jiyva.
Jiyva was most pleased with you.
You were a tree.
You visited 1 branch of the dungeon, and saw 5 of its levels.
You also visited: Ossuary.

You collected 148 gold pieces.

Inventory:

Hand Weapons
 a - a +3 short sword (weapon)
 d - a +0 dagger
 f - a +0 dagger
 h - a +0 club
 l - a +0 dagger
 m - a +0 dagger
 p - a +0 short sword
 q - a +0 trident
 r - a +0 dagger
 u - a +0 long sword
 y - a +0 club
 z - a +0 dagger
 A - a +0 dagger
 B - a +0 club
 K - a +0 dagger
Missiles
 g - 162 stones (quivered)
 G - a throwing net
Armour
 b - a +1 robe (melded)
 i - a +0 leather armour
 j - a +0 robe
 n - a +0 ring mail
 t - a +0 ring mail
 v - a +0 robe
 C - a +0 leather armour
 D - a +0 animal skin
 E - a +0 animal skin
 F - a +0 animal skin
 H - a +0 animal skin
 I - a +0 animal skin
 J - a +0 animal skin
Jewellery
 e - a ring of willpower (left branch)
 s - an amulet of regeneration (around neck)
Wands
 L - a wand of flame (3)
Scrolls
 c - 2 scrolls of blinking
 k - a scroll of silence
 x - a scroll of teleportation
 P - 2 scrolls of poison
 Q - 2 scrolls of torment
 S - a scroll of fear
Potions
 M - 2 potions of invisibility
 N - a potion of lignification


   Skills:
 + Level 2.1 Fighting
 + Level 4.6 Short Blades
 + Level 1.2 Throwing
 + Level 4.9 Dodging
 * Level 4.5 Stealth
 + Level 2.9 Spellcasting
 * Level 6.0 Translocations


You had 3 spell levels left.
You knew the following spells:

 Your Spells              Type           Power      Damage    Failure   Level
a - Blink                 Tloc           38%        N/A       2%          2
b - Manifold Assault      Tloc           19%        N/A       45%         5

Your spell library contained the following spells:

 Spells                   Type           Power      Damage    Failure   Level
 Apportation              Tloc           38%        N/A       1%          1
 Gell's Gravitas          Tloc           19%        N/A       5%          3
 Lesser Beckoning         Tloc           19%        N/A       5%          3
 Teleport Other           Tloc           19%        N/A       5%          3
 Alistair's Intoxication  Tmut/Pois      1%         N/A       99%         5
 Chain Lightning          Conj/Air       1%         3d1       100%        9
 Fire Storm               Conj/Fire      1%         7d1       100%        9
 Shatter                  Erth           1%         3d5*      100%        9


Dungeon Overview and Level Annotations

Branches:
Dungeon (5/15)            Ossuary (visited)
 Temple: D:4-7

Altars:
Kikubaaqudgha
Trog
Jiyva


Innate Abilities, Weirdness & Mutations

You are a tree.
Your roots penetrate the ground, keeping you stationary.
You cannot be teleported.
You are immune to unholy pain and torment.
Your maximum health is greatly increased.
Your equipment is partially melded.
You are very small and have problems with some larger weapons.
You are too small for most types of armour.
You have supernaturally acute eyesight. (SInv)
((You cover ground extremely quickly. (Speed+++)))
((Armour fits poorly on your massive pseudopods.))
((Your melee attacks may engulf your foes in ooze.))


Message History

There is a collapsed entrance here.
As you read the scroll of identify, it crumbles to dust.
S - a scroll of fear
As you read the scroll of identify, it crumbles to dust.
P - 2 scrolls of poison
As you read the scroll of identify, it crumbles to dust.
Q - 2 scrolls of torment
As you read the scroll of enchant weapon, it crumbles to dust.
Your +1 short sword glows red for a moment.
As you read the scroll of enchant weapon, it crumbles to dust.
Your +2 short sword glows red for a moment.
It was a potion of lignification.
You turn into a tree.
Your +1 robe melds into your body.
Your roots penetrate the ground.
You cannot move.
You cannot move.
You cannot move.
You cannot move.
You cannot move.
It was a potion of attraction.
You feel attractive to monsters.
You cannot move.
You cannot move.
You cannot move.
You cannot move.
You cannot move.
You are stuck in your current form!
You cannot move.
You feel more attractive to monsters.
You are stuck in your current form!
You cannot move.
You cannot teleport because you are held in place by your roots.
You feel better.
You feel better.
You cannot move.
Unknown command.
Unknown command.
Unknown command.
Unknown command.
Unknown command.
Are you sure you want to abandon this character and quit the game? (Confirm with "yes".)

### .. ##.## # ##
#...#.# #####8#
#.#...#
#####....######.♣.#
#..##...#........##
...#.....#######.#
#..#.....# # #.#
...##...##.#####.#
#..8.#.#.8........
........##.......#
#..###..# #######
#..# #..#


There were no monsters in sight!

Vanquished Creatures
  2 hounds (D:4)
  An orc priest (D:4)
  3 human zombies (Ossuary)
  An iguana (D:4)
  An orc wizard (D:4)
  4 mummies (Ossuary)
  4 adders
  An adder zombie (Ossuary)
  2 dart slugs
  3 orcs (D:4)
  5 ball pythons
  A bat skeleton (D:3)
  An endoplasm (D:1)
  3 giant cockroaches
  7 goblins
  7 hobgoblins
  5 jackals
  A quokka (D:1)
  6 bats
  2 frilled lizards
  A gnoll zombie (Ossuary)
  A goblin zombie (Ossuary)
  2 hobgoblin zombies (Ossuary)
  A jackal zombie (Ossuary)
  6 kobolds
  2 kobold zombies (Ossuary)
  An orc zombie (Ossuary)
  3 rats (D:1)
77 creatures vanquished.

Vanquished Creatures (others)
  A vampire bat (D:3)
  An adder (D:3)
  3 bat zombies (D:3)
  An endoplasm (D:3)
  3 hobgoblins
  3 jackals (D:1)
  A quokka (D:3)
  A frilled lizard (D:3)
  A goblin (D:4)
15 creatures vanquished.

Grand Total: 92 creatures vanquished

Notes
Turn   | Place    | Note
-------+----------+-------------------------------------------
     0 | D:1      | nedac the Spriggan Warper began the quest for the Orb.
     0 | D:1      | Reached XP level 1. HP: 10/10 MP: 5/5
   229 | D:1      | Reached XP level 2. HP: 11/14 MP: 6/6
   610 | D:1      | Reached skill level 1 in Stealth
   696 | D:1      | Found a faded altar of an unknown god.
   723 | D:1      | Prayed at the altar of an unknown god.
   723 | D:1      | Became a worshipper of Jiyva Jeotoh the Shapeless
   723 | D:1      | Reached * piety under Jiyva
  1374 | D:2      | Reached XP level 3. HP: 18/18 MP: 8/8
  1412 | D:2      | Reached skill level 5 in Translocations
  1488 | D:2      | Gained mutation: You occasionally shout uncontrollably at
                  | your foes. [potion of mutation]
  1559 | D:2      | Reached ** piety under Jiyva
  1886 | D:3      | Found an ancient bone altar of Kikubaaqudgha.
  2021 | D:3      | Learned a level 2 spell: Blink
  2132 | D:3      | You fall into a shaft and drop 1 floor!
  2153 | D:4      | Reached XP level 4. HP: 23/23 MP: 9/9
  2245 | D:4      | Reached XP level 5. HP: 26/26 MP: 10/10
  2297 | D:4      | Reached *** piety under Jiyva
  2320 | D:4      | Learned a level 5 spell: Manifold Assault
  2496 | D:4      | Found a bloodstained altar of Trog.
  2567 | D:5      | Entered Level 5 of the Dungeon
  2599 | D:5      | Found a sand-covered staircase.
  2610 | Ossuary  | Entered an ossuary
  2631 | Ossuary  | Lost mutation: You occasionally shout uncontrollably at
                  | your foes. [Jiyva's grace]
  2631 | Ossuary  | Gained mutation: Armour fits poorly on your pseudopods.
                  | [Jiyva's grace]
  2631 | Ossuary  | Gained mutation: Armour fits poorly on your large
                  | pseudopods. [Jiyva's grace]
  2631 | Ossuary  | Gained mutation: Armour fits poorly on your massive
                  | pseudopods. [Jiyva's grace]
  2631 | Ossuary  | Gained mutation: Your melee attacks may engulf your foes in
                  | ooze. [Jiyva's grace]
  2699 | Ossuary  | Reached XP level 6. HP: 30/30 MP: 11/11
  2755 | Ossuary  | Reached skill level 6 in Translocations
  2980 | D:5      | Quit the game

Illustrated notes

Levels and vault maps discovered:
D:1:      lightli_arrival_chessboard, layout_loops_corners,
          ebering_ecumenical_altar_abandoned
D:2:      layout_basic, lemuel_another_geyser
D:3:      layout_loops_ring, kennysheep_vampire_church,
          biasface_ghost_orc_armoury
D:4:      layout_loops_cross, trog_hazing_becter, cheibrodos_sewer_entry_bend,
          hex_tiny
D:5:      layout_loops_ring, lightli_ossuary_entry_decrepit_ruins

Skill      XL: |  1  2  3  4  5  6 |
---------------+-------------------+-----
Stealth        | 2 3 4 |  4.5
Translocations | 5 6 |  6.0
Short Blades   | 3 4 |  4.6
Dodging        | 4 |  4.9
Fighting       | 2 |  2.1
Throwing       | |  1.2
Spellcasting   | |  2.9

Action                   |  1- 3 |  4- 6 || total
-------------------------+-------+-------++-------
Melee: Short sword       |   157 |   168 ||   325
       Pseudopods        |       |    22 ||    22
       Punch             |       |     2 ||     2
Throw: Boomerang         |     3 |     4 ||     7
       Stone             |       |     9 ||     9
 Cast: Blink             |       |     2 ||     2
  Use: Scroll            |     8 |     5 ||    13
       Potion            |     5 |     6 ||    11
 Stab: Sleeping          |     5 |     4 ||     9
       Distracted        |     1 |       ||     1
Armor: Robe              |    16 |    14 ||    30
Dodge: Dodged            |   127 |   121 ||   248

Table legend: (Time is in decaauts)
 A = Elapsed time spent in this place.
 B = Non-inter-level travel time spent in this place.
 C = Inter-level travel time spent in this place.
 D = Time resting spent in this place.
 E = Time spent auto-exploring this place.
 F = Levels seen in this place.
 G = Mean time per level.
                   A        B        C        D        E       F      G
               +--------+--------+--------+--------+--------+-----+--------+
         Total |   1969 |    890 |   1079 |      0 |    105 |   6 |  328.2 |
       Dungeon |   1722 |    643 |   1079 |      0 |    105 |   5 |  344.4 |
       Ossuary |    247 |    247 |      0 |      0 |      0 |   1 |  247.0 |
               +--------+--------+--------+--------+--------+-----+--------+

Top non-repeatable levels by time:
     D:1: 853 daAuts
     D:3: 337 daAuts
     D:4: 308 daAuts
 Ossuary: 247 daAuts
     D:2: 177 daAuts
     D:5: 45 daAuts
